 Dungeon Crawl Stone Soup version 0.18.1-47-g9310371 (webtiles) character file.

8411 Peloso the Blocker (level 11, -28/97 HPs)
             Began as a Minotaur Fighter on June 18, 2016.
             Was a High Priest of Okawaru.
             Rolled over by a boulder beetle (37 damage)
             ... on level 10 of the Dungeon.
             The game lasted 00:26:05 (9109 turns).

Peloso the Blocker (Minotaur Fighter)               Turns: 9109, Time: 00:26:06

Health: -28/97     AC: 17    Str: 21    XL:     11   Next: 9%
Magic:  10/10      EV: 10    Int:  5    God:    Okawaru [*****.]
Gold:   641        SH: 12    Dex: 13    Spells: 0 memorised, 10 levels left

rFire  + . .     SeeInvis .     h - +2 falchion (protect)
rCold  x . .     Gourm    .     B - +1 chain mail {MR+}
rNeg   . . .     Faith    .     c - +0 shield
rPois  .         Spirit   .     (helmet restricted)
rElec  .         Dismiss  .     (no cloak)
rCorr  .         Reflect  .     (no gloves)
SustAt +         Harm     .     (no boots)
MR     +....                    (no amulet)
Stlth  ..........               w - ring of sustain attributes
                                g - ring of fire

@: drained, somewhat resistant to hostile enchantments, extremely unstealthy
A: retaliatory headbutt, horns 2
a: Heroism, Finesse, Renounce Religion


You were on level 10 of the Dungeon.
You worshipped Okawaru.
Okawaru was extremely pleased with you.
You were very hungry.

You visited 2 branches of the dungeon, and saw 11 of its levels.

You collected 641 gold pieces.

Inventory:

Hand Weapons
 a - a +0 long sword
 d - a +1 mace of protection
 h - a +2 falchion of protection (weapon)
Armour
 c - a +0 shield (worn)
 r - a +1 chain mail of positive energy
 z - the cursed +1 ring mail "Wafuqy" {Slay+2, unknown}
   (You found it on level 9 of the Dungeon)

   It affects your accuracy and damage with ranged weapons and melee attacks
   (+2).
   It has a curse placed upon it.
 B - a +1 chain mail of magic resistance (worn)
Jewellery
 g - a ring of fire (left hand)
 w - a ring of sustain attributes (right hand)
Wands
 H - a wand of enslavement (4/24)
 L - a wand of lightning (8/15)
Scrolls
 b - a scroll of enchant weapon
 i - a scroll of fog
 j - 2 scrolls of enchant armour
 k - 6 scrolls of remove curse {unknown}
 q - 2 scrolls of teleportation {unknown}
 y - 2 scrolls of amnesia {unknown}
 A - 4 scrolls of holy word {unknown}
 F - 3 scrolls of identify
Potions
 e - 9 potions of curing
 m - 2 potions of agility
 n - 2 potions of cancellation
 t - a potion of haste
 v - a potion of lignification {unknown}
 x - 2 potions of degeneration {unknown}
 C - a potion of invisibility {unknown}
 E - a potion of flight {unknown}
 G - a potion of brilliance
 J - a potion of ambrosia {unknown}
Books
 I - a book of Summonings

   Spells                             Type                      Level
   a - Recall                         Summoning/Translocation      3
   b - Aura of Abjuration             Summoning                    5
   c - Summon Demon                   Summoning                    5
   d - Summon Forest                  Summoning/Translocation      5
   e - Summon Mana Viper              Hexes/Summoning              5
   f - Shadow Creatures               Summoning                    6
Comestibles
 f - 6 bread rations
 l - 3 slices of pizza
 o - 8 royal jellies
 p - 3 beef jerkies
 s - 7 fruits
 D - 4 meat rations


   Skills:
 + Level 9.0 Fighting
 + Level 9.7 Long Blades
 + Level 9.6 Armour
 + Level 6.8(6.7) Dodging
 + Level 1.5 Stealth
 + Level 11.6 Shields
 + Level 1.1(1.0) Invocations


You had 10 spell levels left.
You didn't know any spells.

Dungeon Overview and Level Annotations

Branches:
Dungeon (10/15)            Temple (1/1) D:4            Lair (0/8) D:10
    Orc (0/2) D:9

Altars:
Ashenzari
Cheibriados
Dithmenos
Elyvilon
Fedhas
Gozag
Okawaru
Pakellas
Ru
Trog
Vehumet
Xom
Yredelemnul
The Shining One

Shops:
D:5 [

Annotations:
D:8 exclusion: oklob plant


Innate Abilities, Weirdness & Mutations

You reflexively headbutt those who attack you in melee.
You have a pair of horns on your head.


Message History

The boulder beetle is almost dead.
The boulder beetle bites you!
* * * LOW HITPOINT WARNING * * *
Drink which item? (? for menu, Esc to quit)
You feel much better.
You hit the boulder beetle but do no damage.
You headbutt the boulder beetle!
The boulder beetle is almost dead.
The boulder beetle bites you!
* * * LOW HITPOINT WARNING * * *
Your chain mail prevents you from hitting the boulder beetle.
You headbutt the boulder beetle.
The boulder beetle is almost dead.
Read which item? (? for menu, Esc to quit)
Okay, then.
Drink which item? (? for menu, Esc to quit)
Okay, then.
The boulder beetle curls into a ball and starts rolling!
The boulder beetle smashes into you!
You die...

.###.......#.# #...###..#####
## #######.#.# #.#.....>....#
############.###.####.......#
...............#.# #.......#
################§# #.......#
......# #§# #.......# #####.#
#§# ######### ......# #B#
......# #@# ......# #.....#
#...#.# ####### #...#.#
#...### ......# ####.###
........ .........


You could see a boulder beetle.

Vanquished Creatures
  Erolcha (D:8)
  An unseen horror (D:10)
  2 hill giants
  Pikel (D:7)
  A komodo dragon (D:10)
  A troll (D:9)
  A queen bee (D:9)
  A two-headed ogre (D:8)
  A wraith (D:10)
  A wyvern (D:9)
  A hungry ghost (D:8)
  A hippogriff (D:9)
  Menkaure (D:7)
  Duvessa (D:7)
  A porcupine (D:10)
  An ice beast (D:5)
  An orc warrior (D:6)
  2 sky beasts (D:7)
  2 black bears
  A necrophage (D:7)
  4 ogres
  5 centaurs
  A big kobold (D:9)
  4 giant frogs
  A wyvern zombie (D:8)
  Dowan (D:7)
  A gnoll sergeant (D:8)
  A jelly (D:9)
  16 killer bees
  A howler monkey (D:6)
  3 crimson imps
  A quasit (D:8)
  4 orc priests
  4 hounds
  4 giant frog skeletons
  A gnoll shaman (D:5)
  6 orc wizards
  4 iguanas
  3 worker ants
  A hell rat (D:10)
  A hound zombie (D:8)
  10 gnolls
  9 adders
  3 river rats (D:10)
  3 shadow imps
  An ooze (D:3)
  3 worms
  3 dart slugs
  3 giant geckos
  28 orcs
  3 ball pythons
  5 bats
  4 giant cockroaches
  11 goblins
  7 hobgoblins
  9 jackals
  7 quokkas
  A giant gecko skeleton (D:4)
  6 giant newts
  7 kobolds
  A quokka skeleton (D:8)
  9 rats
223 creatures vanquished.

Vanquished Creatures (others)
  A centaur (D:8)
  A hungry ghost (D:8)
  An orc warrior (D:9)
  A slave (D:8)
  An ogre (D:9)
  A phantom (D:9)
  A giant frog (D:9)
  2 killer bees (D:9)
  A hound (D:9)
  An orc wizard (D:8)
  2 adders
  A gnoll (D:8)
  An adder skeleton (D:9)
  A giant gecko (D:9)
  A quokka (D:9)
  A plant (D:4)
18 creatures vanquished.

Grand Total: 241 creatures vanquished

Notes
Turn   | Place    | Note
--------------------------------------------------------------
     0 | D:1      | Peloso the Minotaur Fighter began the quest for the Orb.
     0 | D:1      | Reached XP level 1. HP: 19/19 MP: 0/0
   121 | D:1      | Reached XP level 2. HP: 24/27 MP: 1/1
   244 | D:1      | Reached skill level 4 in Shields
   602 | D:1      | Reached XP level 3. HP: 33/33 MP: 2/2
   913 | D:2      | Found a faded altar to an unknown god.
  1034 | D:2      | Reached XP level 4. HP: 26/41 MP: 3/3
  1547 | D:3      | Noticed an ogre
  1554 | D:3      | Killed an ogre
  1554 | D:3      | Reached skill level 1 in Dodging
  1554 | D:3      | Reached XP level 5. HP: 47/47 MP: 4/4
  1685 | D:3      | Reached skill level 5 in Shields
  1725 | D:3      | Found a basalt altar of Yredelemnul.
  2175 | D:3      | Reached skill level 5 in Armour
  2181 | D:3      | Reached XP level 6. HP: 24/55 MP: 5/5
  2359 | D:4      | Reached skill level 5 in Fighting
  2415 | D:4      | Found a glowing golden altar of the Shining One.
  2428 | D:4      | Got a faintly glowing chain mail
  2439 | D:4      | Identified the +1 chain mail of Suoschyrr {MP+9 Int+2} (You found it on level 4 of the Dungeon)
  2851 | D:4      | Found a staircase to the Ecumenical Temple.
  2861 | Temple   | Entered the Ecumenical Temple
  2977 | Temple   | Became a worshipper of Warmaster Okawaru
  3084 | D:5      | Entered Level 5 of the Dungeon
  3218 | D:5      | Reached XP level 7. HP: 58/61 MP: 6/6
  3270 | D:5      | Found Ifayrruh's Antique Armour Boutique.
  3278 | D:5      | Reached skill level 6 in Shields
  3294 | D:5      | Reached * piety under Okawaru
  3765 | D:6      | Reached skill level 7 in Shields
  3936 | D:6      | Reached skill level 5 in Long Blades
  3936 | D:6      | Reached XP level 8. HP: 36/69 MP: 7/7
  3947 | D:6      | Found an oddly glowing altar of Pakellas.
  4144 | D:6      | Reached ** piety under Okawaru
  4418 | D:7      | Noticed Duvessa
  4420 | D:7      | Noticed Dowan
  4433 | D:7      | Killed Duvessa
  4437 | D:7      | Killed Dowan
  4453 | D:7      | Noticed a hill giant
  4472 | D:7      | Killed a hill giant
  4472 | D:7      | Reached skill level 8 in Shields
  4472 | D:7      | Reached XP level 9. HP: 37/78 MP: 5/8
  4593 | D:7      | Reached *** piety under Okawaru
  4801 | D:7      | Found a shadowy altar of Dithmenos.
  4860 | D:7      | Reached skill level 1 in Stealth
  5039 | D:7      | Noticed Menkaure
  5053 | D:7      | Killed Menkaure
  5053 | D:7      | Reached skill level 5 in Dodging
  5368 | D:8      | Noticed Pikel
  5369 | D:8      | Noticed Erolcha
  5398 | D:7      | Killed Pikel
  5398 | D:7      | Reached skill level 9 in Shields
  5607 | D:8      | Killed Erolcha
  5607 | D:8      | Reached **** piety under Okawaru
  5607 | D:8      | Reached XP level 10. HP: 19/88 MP: 6/9
  6016 | D:8      | Found a blossoming altar of Fedhas.
  6034 | D:8      | Noticed an oklob plant
  6189 | D:8      | Reached skill level 10 in Shields
  6950 | D:9      | Reached skill level 1 in Invocations
  6964 | D:9      | Got a polished ring mail
  7153 | D:9      | Found a shimmering altar of Xom.
  7204 | D:9      | Reached skill level 11 in Shields
  7359 | D:9      | Reached ***** piety under Okawaru
  7933 | D:9      | Found a staircase to the Orcish Mines.
  7973 | D:10     | Entered Level 10 of the Dungeon
  8101 | D:10     | Noticed a hill giant
  8117 | D:10     | Killed a hill giant
  8395 | D:10     | Found a staircase to the Lair.
  8427 | D:10     | Killed an unseen horror
  8427 | D:10     | Reached XP level 11. HP: 44/97 MP: 8/10
  9109 | D:10     | Rolled over by a boulder beetle

Skill      XL: |  1  2  3  4  5  6  7  8  9 10 |
---------------+-------------------------------+-----
Fighting       | 4 5 6 7 9 |  9.0
Shields        | 4 5 7 8 9 11 | 11.6
Armour         | 4 5 6 7 8 9 |  9.6
Long Blades    | 3 4 5 6 8 9 |  9.7
Dodging        | 1 2 3 4 5 6 |  6.8
Stealth        | 1 |  1.5
Invocations    | 1 |  1.1

Action                   |  1- 3 |  4- 6 |  7- 9 | 10-12 || total
-------------------------+-------+-------+-------+-------++-------
Melee: Long sword        |    97 |   181 |   251 |     3 ||   532
       Headbutt          |    18 |    30 |    58 |    83 ||   189
       Falchion          |       |       |       |   410 ||   410
Invok: Heroism           |       |       |     4 |     7 ||    11
  Use: Potion            |       |     1 |       |     1 ||     2
       Scroll            |       |     7 |       |     6 ||    13
  Eat: Chunk             |     1 |     7 |     9 |    12 ||    29
Armor: Scale mail        |    64 |    85 |       |       ||   149
       Chain mail        |       |    30 |    65 |   181 ||   276
       Plate armour      |       |    17 |    40 |       ||    57
Dodge: Dodged            |    29 |    82 |    83 |   167 ||   361
Block: Shield            |    71 |   150 |   145 |   298 ||   664
